 Dungeon Crawl Stone Soup version 0.22-a0-292-g0df9d5f48d (webtiles) character file.

51216 Manul the Stickfighter (level 14, -2/129 HPs)
             Began as a White Draconian Gladiator on Mar 21, 2018.
             Was an Initiate of Gozag.
             Slain by a skeletal warrior
             ... wielding a +0 war axe
              (18 damage)
             ... on level 14 of the Dungeon on Mar 23, 2018.
             The game lasted 00:28:29 (19462 turns).

Manul the Stickfighter (White Draconian Gladiator) Turns: 19462, Time: 00:28:30

Health: -2/129     AC: 14    Str: 19    XL:     14   Next: 22%
Magic:  15/15      EV: 22    Int:  9    God:    Gozag
Gold:   1684       SH:  0    Dex: 18    Spells: 13/13 levels left

rFire    . . .     SeeInvis +   M - +5 quarterstaff of Buetwuff {crush, rN++ Str+3 SInv}
rCold    + . .     Gourm    +   (shield currently unavailable)
rNeg     + + +     Faith    .   (armour unavailable)
rPois    +         Spirit   .   l - +2 hat
rElec    .         Reflect  .   (no cloak)
rCorr    .         Harm     .   n - +0 pair of gloves
MR       +....                  a - +0 pair of boots
Stlth    ++........             v - amulet of the gourmand
HPRegen  0.71/turn              N - ring of positive energy
MPRegen  0.14/turn              s - +2 ring of protection

@: gold aura
A: breathe frost, unfitting armour, blink, cold resistance 1, poison resistance,
regeneration 1, cold-blooded, AC +8
a: Breathe Frost, Blink, Potion Petition, Call Merchant, Bribe Branch, Renounce
Religion


You were on level 14 of the Dungeon.
You worshipped Gozag.
Gozag was most pleased with you.
You were not hungry.

You visited 3 branches of the dungeon, and saw 17 of its levels.
You also visited: Sewer and Ossuary.

You collected 4402 gold pieces.
You spent 558 gold pieces at shops.
You paid 2160 gold pieces to Gozag.

Inventory:

Hand Weapons
 e - the +8 demon blade "Leech" {vamp, rN+ AC-3 EV-3}
   (You took it off an orc on level 1 of the Orcish Mines)

   It inflicts no extra harm, but heals its wielder when it wounds a living foe.
   It affects your AC (-3).
   It affects your evasion (-3).
   It protects you from negative energy.
 B - a +2 whip of draining
 M - the +5 quarterstaff of Buetwuff (weapon) {crush, rN++ Str+3 SInv}
   (You found it on level 9 of the Dungeon)

   It inflicts extra damage upon your enemies.
   It affects your strength (+3).
   It greatly protects you from negative energy.
   It lets you see invisible.
Missiles
 c - a throwing net (quivered)
Armour
 a - a +0 pair of boots (worn)
 l - a +2 hat (worn)
 n - a +0 pair of gloves (worn)
Jewellery
 i - a +4 ring of intelligence
 m - an uncursed ring of protection from magic
 s - a +2 ring of protection (right hand)
 v - an amulet of the gourmand (around neck)
 w - an uncursed ring of see invisible
 H - an uncursed amulet of harm {unknown}
 K - an uncursed ring of flight
 L - an uncursed ring of stealth
 N - a ring of positive energy (left hand)
Wands
 q - a wand of iceblast (11)
 A - a wand of random effects (14)
 G - a wand of disintegration (21)
 O - a wand of flame (74)
 V - a wand of polymorph (14)
Scrolls
 h - 4 scrolls of immolation {unknown}
 k - 3 scrolls of teleportation
 o - 2 scrolls of noise {unknown}
 p - 5 scrolls of remove curse
 r - 5 scrolls of magic mapping
 t - 4 scrolls of enchant weapon {unknown}
 u - 6 scrolls of identify
 y - 4 scrolls of fear {unknown}
 z - 3 scrolls of fog {unknown}
 F - 3 scrolls of enchant armour
 I - 2 scrolls of acquirement {unknown}
 T - a scroll of blinking
Potions
 b - 4 potions of brilliance
 f - 3 potions of agility
 g - 13 potions of curing
 j - 2 potions of flight
 x - 4 potions of resistance
 C - 2 potions of haste
 D - 3 potions of magic
 E - 3 potions of might
 J - a potion of invisibility {unknown}
 P - 3 potions of lignification
 R - 2 potions of ambrosia {unknown}
 S - 2 potions of mutation
 U - a potion of berserk rage {unknown}
Miscellaneous
 Q - a box of beasts
Comestibles
 d - 20 rations


   Skills:
 + Level 13.1 Fighting
 * Level 16.4 Staves
 - Level 2.0 Throwing
 + Level 12.5 Dodging
 - Level 2.0 Stealth
 + Level 2.3 Evocations


You had 13 spell levels left.
You didn't know any spells.

Dungeon Overview and Level Annotations

Branches:
Dungeon (14/15)            Temple (1/1) D:7            Lair (0/6) D:9
    Orc (2/2) D:11            Elf (0/3) Orc:2        Vaults (0/5) D:13

Altars:
Cheibriados
Elyvilon
Gozag
Hepliaklqana
Kikubaaqudgha
Makhleb
Nemelex Xobeh
Ru
Trog
Vehumet
Wu Jian
Xom
Zin
Beogh

Shops:
D:7 [   D:10 *   D:11 ((   D:14 =   Orc:1 %   Orc:2 (}![

Annotations:
D:8 Grum; Infinimo's ghost, novice DsGl


Innate Abilities, Weirdness & Mutations

You can breathe waves of freezing cold.
You can buffet flying creatures when you breathe cold.
Your icy white scales are hard. (AC +8)
You cannot fit into any form of body armour.
Your flesh is cold resistant. (rC+)
You are cold-blooded and may be slowed by cold attacks.
You can translocate small distances at will.
Your system is resistant to poisons. (rPois)
Your natural rate of healing is unusually fast.


Message History

* * * LOW HITPOINT WARNING * * *
You hit the skeletal warrior but do no damage.
The skeletal warrior is heavily damaged.
Unknown command.
You hit the skeletal warrior.
You tail-slap the skeletal warrior, but do no damage.
The skeletal warrior is heavily damaged.
The skeletal warrior completely misses you.
The skeletal warrior hits you with a war axe.
* * * LOW HITPOINT WARNING * * *
You sock the skeletal warrior!
Your tail-slap misses the skeletal warrior.
The skeletal warrior is heavily damaged.
You thump the skeletal warrior!
The skeletal warrior is almost destroyed.
The skeletal warrior hits you with a hand axe!
* * * LOW HITPOINT WARNING * * *
The skeletal warrior hits you with a war axe!!
You die...
Your body crumbles into a pile of gold.

#####.###... ##
###......##.#. #.
........#..#. #.
#####...........
#.##...............
#..#.#.#.....)#....
#....#.#......#....
#$.###.###....#....
#z@# ..% #.####....
##z# ### #.# #....
#.≈≈≈≈≈≈≈.........
#.#######..#######
#.#.. ..#..# #.#
#.# #..# #.. .# ###
#


You could see 2 skeletal warriors.

Vanquished Creatures
  Kirke (D:12)
  The ghost of kusayu the Blocker, a journeyman GnFi of Gozag (Orc:2)
  Josephine (Orc:2)
  The ghost of flinch the Grappler, a journeyman DrMo of Makhleb (D:11)
  8 vault guards (D:13)
  5 hydras
  Erica (Orc:1)
  2 centaur warriors (D:14)
  An ogre mage (Orc:2)
  8 two-headed ogres
  Urug (Orc:1)
  Nergalle (Orc:2)
  A skeletal warrior (D:14)
  A deep elf archer (Orc:1)
  8 orc sorcerers
  A deep elf mage (Orc:1)
  An ugly thing (D:12)
  3 cyclopes
  3 gargoyles
  An efreet (D:13)
  2 kobold demonologists (D:12)
  4 trolls
  2 polar bears (D:10)
  2 hornets
  2 meliai zombies
  10 slime creatures (D:12)
  3 hippogriffs
  Sigmund (D:4)
  5 wyverns
  5 wraiths
  9 yaks (D:9)
  5 hogs (D:12)
  2 hungry ghosts
  A vampire mosquito (D:9)
  Edmund (D:6)
  Menkaure (D:7)
  An acid dragon (D:12)
  A soldier ant (D:13)
  3 wargs
  Duvessa (D:4)
  2 porcupines (D:9)
  18 orc warriors
  A swamp drake (D:11)
  A hornet zombie (D:14)
  An ice beast (D:12)
  8 sky beasts
  2 black bears
  2 necrophages
  An eye of draining (D:13)
  2 phantoms
  A wolf (D:9)
  The ghost of Manul the Skirmisher, an amateur DsFi (D:3)
  14 ogres
  14 centaurs
  A crocodile (D:13)
  2 big kobolds (D:14)
  10 bullfrogs
  A water moccasin zombie (Ossuary)
  Dowan (D:4)
  4 scorpions
  13 killer bees
  A water moccasin skeleton (D:10)
  8 howler monkeys
  2 centaur zombies
  3 hounds
  13 crimson imps
  15 orc priests
  4 jellies
  4 centaur skeletons
  Ijyb (D:5)
  An iguana (D:13)
  34 orc wizards
  6 worker ants
  A killer bee zombie (D:7)
  2 big kobold zombies (Ossuary)
  3 hound skeletons
  2 mummies (Ossuary)
  A howler monkey zombie (D:9)
  A worker ant zombie (D:9)
  6 gnolls (D:6)
  9 adders
  4 shadow imps
  An adder skeleton (D:4)
  4 adder zombies (Ossuary)
  3 dart slugs
  5 leopard geckos
  74 orcs
  4 ball pythons (Sewer)
  7 giant cockroaches
  9 goblins
  2 hobgoblins (D:1)
  16 jackals
  5 quokkas
  4 bats (D:2)
  6 frilled lizards
  2 gnoll zombies (Ossuary)
  7 hobgoblin zombies (Ossuary)
  17 kobolds
  4 kobold zombies (Ossuary)
  6 orc zombies (Ossuary)
  A quokka skeleton (D:6)
  6 rats
515 creatures vanquished.

Vanquished Creatures (collateral kills)
  Erolcha (Orc:2)
1 creature vanquished.

Vanquished Creatures (others)
  A deep elf mage (Orc:1)
  A human (D:12)
  28 fungi (D:9)
  6 plants (D:9)
36 creatures vanquished.

Grand Total: 552 creatures vanquished

Notes
Turn   | Place    | Note
-------+----------+-------------------------------------------
     0 | D:1      | Manul the Draconian Gladiator began the quest for the Orb.
     0 | D:1      | Reached XP level 1. HP: 17/17 MP: 1/1
   120 | D:1      | Reached XP level 2. HP: 22/24 MP: 2/2
   543 | D:2      | Reached XP level 3. HP: 30/30 MP: 3/3
   632 | D:2      | Reached skill level 4 in Staves
   657 | D:2      | Found a white marble altar of Elyvilon.
   745 | D:2      | Found a sacrificial altar of Ru.
   763 | D:2      | Reached XP level 4. HP: 36/37 MP: 4/4
  1506 | D:3      | Noticed Manul's ghost (amateur DsFi)
  1899 | D:3      | Killed Manul's ghost
  1899 | D:3      | Reached skill level 1 in Stealth
  1899 | D:3      | Reached XP level 5. HP: 25/45 MP: 5/5
  2262 | D:4      | Noticed Sigmund
  2270 | D:4      | Killed Sigmund
  2270 | D:4      | Reached skill level 5 in Staves
  2270 | D:4      | Reached XP level 6. HP: 51/51 MP: 6/6
  2580 | D:4      | Noticed Duvessa
  2581 | D:4      | Noticed Dowan
  2954 | D:4      | Reached skill level 6 in Staves
  3031 | D:4      | Killed Duvessa
  3031 | D:4      | Your scales start taking on an icy white colour.
  3031 | D:4      | Reached XP level 7. HP: 58/58 MP: 7/7
  3031 | D:4      | Gained mutation: Your flesh is cold resistant. (rC+) [White Draconian growth]
  3073 | D:4      | Killed Dowan
  3760 | D:5      | Entered Level 5 of the Dungeon
  3880 | D:5      | Reached skill level 7 in Staves
  4251 | D:5      | Noticed Ijyb
  4280 | D:5      | Killed Ijyb
  4783 | D:6      | Reached XP level 8. HP: 67/67 MP: 8/8
  4872 | D:6      | Reached skill level 5 in Fighting
  4872 | D:6      | Reached skill level 8 in Staves
  4897 | D:6      | Found a glowing drain.
  4931 | Sewer    | Entered a sewer
  5277 | D:6      | Reached skill level 5 in Dodging
  5318 | D:6      | Noticed Edmund
  5343 | D:6      | Killed Edmund
  5667 | D:7      | Found a staircase to the Ecumenical Temple.
  5678 | D:7      | Found a sand-covered staircase.
  5682 | Ossuary  | Entered an ossuary
  6346 | D:7      | Reached XP level 9. HP: 64/75 MP: 9/9
  6374 | Temple   | Entered the Ecumenical Temple
  6410 | Temple   | Became a worshipper of Gozag Ym Sagoz the Greedy
  6737 | D:7      | Found Pimes's Antique Armour Shop.
  7276 | D:7      | Noticed Menkaure
  7293 | D:7      | Killed Menkaure
  7587 | D:8      | Found a glowing silver altar of Zin.
  7638 | D:8      | Noticed Infinimo's ghost (novice DsGl)
  7650 | D:8      | Noticed a two-headed ogre
  7666 | D:8      | Killed a two-headed ogre
  8377 | D:7      | Reached XP level 10. HP: 64/88 MP: 10/10
  8946 | D:8      | Noticed Grum
  8991 | D:9      | Noticed a two-headed ogre
  9023 | D:9      | Killed a two-headed ogre
  9091 | D:9      | Got a bloodstained quarterstaff
  9092 | D:9      | Identified the +5 quarterstaff of Buetwuff {crush, rN++ Str+3 SInv} (You found it on level 9 of the Dungeon)
  9367 | D:9      | Noticed a two-headed ogre
  9375 | D:9      | Killed a two-headed ogre
  9375 | D:9      | Reached skill level 9 in Staves
  9375 | D:9      | Reached skill level 1 in Evocations
  9455 | D:9      | Found a hazy altar of Hepliaklqana.
  9455 | D:9      | Found a burning altar of Makhleb.
  9494 | D:9      | Reached skill level 10 in Dodging
  9558 | D:9      | Found a snail-covered altar of Cheibriados.
  9696 | D:9      | HP: 3/91 [yak (11)]
  9701 | D:9      | Reached skill level 10 in Staves
  9995 | D:9      | Found a staircase to the Lair.
 10032 | D:9      | Reached XP level 11. HP: 61/97 MP: 11/11
 10531 | D:10     | Entered Level 10 of the Dungeon
 10702 | D:10     | Gained mutation: Your body sometimes deteriorates upon taking damage. [potion of mutation]
 10702 | D:10     | Gained mutation: Scrolls take you a little longer to read. [potion of mutation]
 10702 | D:10     | Gained mutation: Your tail ends in a poisonous barb. [potion of mutation]
 10703 | D:10     | Lost mutation: Your tail ends in a poisonous barb. [potion of mutation]
 10703 | D:10     | Lost mutation: Your body sometimes deteriorates upon taking damage. [potion of mutation]
 10703 | D:10     | Lost mutation: Scrolls take you a little longer to read. [potion of mutation]
 10703 | D:10     | Gained mutation: You can translocate small distances at will. [potion of mutation]
 10703 | D:10     | Gained mutation: Your natural rate of healing is unusually fast. [potion of mutation]
 10703 | D:10     | Gained mutation: Your system is resistant to poisons. (rPois) [potion of mutation]
 10740 | D:10     | Noticed a two-headed ogre
 10754 | D:10     | Killed a two-headed ogre
 10754 | D:10     | Reached skill level 11 in Staves
 10873 | D:10     | Noticed a two-headed ogre
 10884 | D:10     | Killed a two-headed ogre
 11437 | D:10     | Bought a scroll labeled QUULOAHEHE for 28 gold pieces
 11458 | D:11     | Found a bloodstained altar of Trog.
 11773 | D:11     | Reached skill level 12 in Staves
 11871 | D:11     | Noticed flinch's ghost (journeyman DrMo)
 11896 | D:11     | Killed flinch's ghost
 11896 | D:11     | Reached skill level 10 in Fighting
 12402 | D:11     | Found a staircase to the Orcish Mines.
 12814 | D:12     | Reached XP level 12. HP: 91/106 MP: 13/13
 12918 | D:12     | Reached skill level 13 in Staves
 12942 | D:12     | Noticed a two-headed ogre
 12961 | D:12     | Killed a two-headed ogre
 13174 | D:12     | Noticed Kirke
 13225 | D:12     | Killed Kirke
 13380 | D:12     | Reached skill level 14 in Staves
 13561 | D:12     | Found an ancient bone altar of Kikubaaqudgha.
 13867 | Orc:1    | Entered Level 1 of the Orcish Mines
 13870 | Orc:1    | Noticed Erica
 13876 | Orc:1    | Killed Erica
 13889 | Orc:1    | You fall through a shaft!
 13889 | Orc:2    | Entered Level 2 of the Orcish Mines
 13897 | Orc:1    | Found Kyez's Food Shop.
 13918 | Orc:2    | Noticed kusayu's ghost (journeyman GnFi)
 14008 | Orc:1    | Bought a ration for 70 gold pieces
 14008 | Orc:1    | Bought a ration for 70 gold pieces
 14008 | Orc:1    | Bought a ration for 70 gold pieces
 14008 | Orc:1    | Bought a ration for 70 gold pieces
 14952 | Orc:2    | Killed kusayu's ghost
 15202 | Orc:2    | Found a staircase to the Elven Halls.
 15230 | Orc:2    | Noticed Josephine
 15242 | Orc:2    | Killed Josephine
 15256 | Orc:2    | Noticed a two-headed ogre
 15263 | Orc:2    | Killed a two-headed ogre
 15263 | Orc:2    | Reached XP level 13. HP: 97/116 MP: 14/14
 15440 | Orc:2    | Found Qiotemp's Antique Weapon Emporium.
 15495 | Orc:2    | Found Vitsotedgh's Distillery.
 15555 | Orc:2    | Bought a potion of heal wounds for 75 gold pieces
 15791 | Orc:2    | Found a radiant altar of Vehumet.
 15792 | Orc:2    | Noticed Erolcha
 15828 | Orc:2    | Reached skill level 15 in Staves
 15854 | Orc:2    | Found Xuijizec's Gadget Shoppe.
 15860 | Orc:2    | Paralysed by Erolcha for 7 turns
 15876 | Orc:2    | Killed Erolcha
 15901 | Orc:2    | Noticed Nergalle
 15901 | Orc:2    | Found an ancient bone altar of Kikubaaqudgha.
 15914 | Orc:2    | Killed Nergalle
 15945 | Orc:2    | Found a roughly hewn altar of Beogh.
 15945 | Orc:2    | Found Ofaekh's Antique Armour Emporium.
 15985 | Orc:2    | Bought a pair of boots for 175 gold pieces
 16146 | Orc:1    | Noticed Urug
 16158 | Orc:1    | Killed Urug
 16425 | Orc:1    | Noticed a stone giant
 16648 | Orc:2    | Upgraded the game from 0.22-a0-284-g99d1f7439c to 0.22-a0-292-g0df9d5f48d
 17098 | Orc:1    | Noticed an orc warlord
 17115 | Orc:1    | Paralysed by an orc sorcerer for 2 turns
 18003 | D:13     | Found a gate to the Vaults.
 18174 | D:13     | Reached skill level 16 in Staves
 18541 | D:13     | Reached XP level 14. HP: 40/127 MP: 15/15
 19332 | D:14     | Found Suill's Jewellery Shoppe.
 19462 | D:14     | Slain by a skeletal warrior

Vault maps used:
D:1:      dpeg_arrival_pits, serial_bayou_pond_c, minmay_misc_feat_pillars
D:2:      elyvilon_altar_1, first_ration, nicolae_ru_great_annihilating_truth
D:3:      st_stairs_14
D:4:      uniq_duvessa, uniq_sigmund
D:5:      uniq_ijyb
D:6:      portal_sewer_entry_f, uniq_edmund
D:7:      minmay_temple_entry_crystal_x, serial_shops, nicolae_shop_waterfront,
          nicolae_ossuary_entry_plus, uniq_menkaure
D:8:      zin_statuary, uniq_grum
D:9:      gammafunk_temple_overflow_statue, due_lair_maze_entry_diamond,
          grunt_pizzeria, minmay_ruined_shrine
D:11:     erik_orc_1, trog_ov_bears_minmay
D:12:     basic_altar, uniq_kirke
D:13:     erik_vaults_2
D:14:     serial_shops, nicolae_shop_behind_doors, grunt_decor_cap
Temple:   dpeg_five_rooms_temple
Orc:1:    serial_shops, shop, nicolae_orc_bridge_out, elf_legates, uniq_urug,
          uniq_erica
Orc:2:    kennysheep_orc_mage_school, uniq_josephine, uniq_erolcha
Sewer:    sewer_co_cracked_pipes
Ossuary:  ossuary_tomb_2

Skill      XL: |  1  2  3  4  5  6  7  8  9 10 11 12 13 14 |
---------------+-------------------------------------------+-----
Dodging        | 3 4 5 8 10 11 12 | 12.5
Staves         | 4 5 6 7 8 10 12 14 16 | 16.4
Fighting       | 3 4 6 8 9 10 11 12 13 | 13.1
Stealth        | 1 2 |  2.0
Throwing       | 2 |  2.0
Evocations     | 1 2 |  2.3

Action                   |  1- 3 |  4- 6 |  7- 9 | 10-12 | 13-15 || total
-------------------------+-------+-------+-------+-------+-------++-------
Melee: Quarterstaff      |    64 |   144 |    91 |   865 |   551 ||  1715
       Tailslap          |     6 |    24 |   112 |   178 |   116 ||   436
       Whip              |       |       |   585 |   100 |       ||   685
Throw: Throwing net      |       |     2 |     1 |     1 |       ||     4
Invok: Potion Petition   |       |       |       |     1 |     1 ||     2
       Call Merchant     |       |       |       |     1 |     2 ||     3
 Abil: Breathe Frost     |       |       |       |     2 |     3 ||     5
       Blink             |       |       |       |     3 |     3 ||     6
Evoke: Wand              |       |       |     3 |     4 |     3 ||    10
       Box of beasts     |       |       |       |       |     2 ||     2
  Use: Scroll            |       |     9 |     4 |     4 |     4 ||    21
       Potion            |       |     4 |     1 |     7 |     3 ||    15
 Stab: Sleeping          |     1 |     6 |    10 |     8 |     1 ||    26
       Paralysed         |       |     1 |       |       |       ||     1
       Held in net/web   |       |       |     2 |     1 |       ||     3
       Distracted        |       |       |       |     4 |     3 ||     7
       Confused          |       |       |       |     2 |       ||     2
  Eat: Chunk             |       |     3 |    19 |       |       ||    22
       Ration            |       |     1 |     1 |     7 |     4 ||    13
Armor: Skin              |    28 |    55 |   201 |   189 |   102 ||   575
Dodge: Dodged            |    47 |    80 |   455 |   814 |   438 ||  1834

Table legend:
 A = Spawn XP
 B = Non-spawn XP
 C = Spawn XP percentage of total XP
 D = Spawn monster count
 E = Non-spawn monster count
 F = Spawn count percentage of total count
 G = Total turns spent on level
                    A         B        C        D         E        F      G
               +---------+---------+-------+---------+---------+-------+---------
         Total |       0 |   73166 |   0.0 |       0 |     517 |   0.0 | 19462
               +---------+---------+-------+---------+---------+-------+---------
           D:1 |       0 |      31 |   0.0 |       0 |      16 |   0.0 |   527
           D:2 |       0 |      95 |   0.0 |       0 |      23 |   0.0 |  1071
           D:3 |       0 |     121 |   0.0 |       0 |       5 |   0.0 |   613
           D:4 |       0 |     713 |   0.0 |       0 |      20 |   0.0 |  1549
           D:5 |       0 |     260 |   0.0 |       0 |       7 |   0.0 |   897
           D:6 |       0 |    1219 |   0.0 |       0 |      30 |   0.0 |   694
           D:7 |       0 |    1272 |   0.0 |       0 |      25 |   0.0 |  1914
           D:8 |       0 |    1562 |   0.0 |       0 |      16 |   0.0 |   669
           D:9 |       0 |    6778 |   0.0 |       0 |      56 |   0.0 |  1575
          D:10 |       0 |    4962 |   0.0 |       0 |      42 |   0.0 |  1172
          D:11 |       0 |    3530 |   0.0 |       0 |      46 |   0.0 |  1241
          D:12 |       0 |   10774 |   0.0 |       0 |      39 |   0.0 |  1391
          D:13 |       0 |   14114 |   0.0 |       0 |      31 |   0.0 |  1064
          D:14 |       0 |    8550 |   0.0 |       0 |      33 |   0.0 |   789
         Orc:1 |       0 |    6158 |   0.0 |       0 |      32 |   0.0 |  1763
         Orc:2 |       0 |   12765 |   0.0 |       0 |      57 |   0.0 |  1511
         Sewer |       0 |      53 |   0.0 |       0 |      11 |   0.0 |   295
       Ossuary |       0 |     209 |   0.0 |       0 |      28 |   0.0 |   659
               +---------+---------+-------+---------+---------+-------+---------
